Map: Dusk Towers

Players

Gigaurora

  • Race: Protoss Protoss
  • League: Platinum

LilDicky - Winner!

  • Race: Terran Terran
  • League: Diamond

VOD

http://www.twitch.tv/tumescentpie

Description

Time

  • Played on: Nov. 27, 2015, 10:36 a.m.
  • Length: 4:26
Show
View Real Time Build Order
Export as new Build Order

Gigaurora Protoss 

Build Orders: 1 Gate Expand, Oracle Opening, Dark Templar Rush 

Get SALT Encoding   

  12  0:01  Probe (Chrono Boost)  
  13  0:12  Probe (Chrono Boost)  
  14  0:23  Pylon  
  14  0:24  Probe (Chrono Boost)  
  15  0:41  Probe (Chrono Boost)  
  16  0:45  Assimilator  
  16  0:46  Assimilator  
  16  0:51  Probe (Chrono Boost)  
  16  0:56  Gateway  
  17  1:03  Probe (Chrono Boost)  
  18  1:13  Probe (Chrono Boost)  
  19  1:24  Probe (Chrono Boost)  
  20  1:34  Nexus  
  20  1:37  Probe (Chrono Boost)  
  21  1:48  Cybernetics Core  
  21  1:52  Probe (Chrono Boost)  
  22  1:58  Pylon  
  22  2:02  Probe (Chrono Boost)  
  23  2:17  Probe (Chrono Boost)  
  24  2:26  Stargate  
  24  2:27  Probe (Chrono Boost)  
  25  2:32  Warp Gate  
  25  2:34  Stalker  
  27  2:38  Probe (Chrono Boost)  
  27  2:40  Pylon  
  28  2:46  Probe (Chrono Boost)  
  28  2:48  Probe (Chrono Boost)  
  30  2:57  Probe (Chrono Boost)  
  31  2:59  Probe (Chrono Boost)  
  32  3:06  Twilight Council  
  32  3:07  Probe (Chrono Boost)  
  32  3:09  Probe (Chrono Boost)  
  34  3:14  Oracle  
  37  3:20  Probe (Chrono Boost)  
  37  3:21  Probe (Chrono Boost)  
  34  3:27  Assimilator  
  34  3:30  Probe (Chrono Boost)  
  34  3:31  Probe (Chrono Boost), Assimilator  
  37  3:41  Probe (Chrono Boost)  
  37  3:42  Probe (Chrono Boost)  
  37  3:44  Dark Shrine  
  25  4:13  Probe (Chrono Boost)  
Show
View Real Time Build Order
Export as new Build Order

LilDicky Terran - Winner!

Build Orders:  

Get SALT Encoding   

  12  0:01  SCV  
  13  0:13  SCV  
  14  0:17  Supply Depot  
  14  0:25  SCV  
  15  0:28  Refinery  
  15  0:39  SCV  
  16  0:46  Barracks  
  16  0:51  SCV  
  17  1:03  SCV  
  18  1:15  SCV  
  19  1:30  SCV  
  19  1:32  Marine  
  20  1:35  Supply Depot  
  20  1:37  Factory  
  21  1:42  Orbital Command  
  21  1:53  Marine  
  22  2:03  Barracks  
  22  2:07  Barracks  
  22  2:08  SCV  
  23  2:17  Barracks Reactor  
  23  2:28  SCV  
  24  2:36  Supply Depot  
  24  2:37  Refinery  
  24  2:42  Widow Mine  
  26  2:45  SCV  
  27  2:57  SCV  
  28  2:59  Barracks Tech Lab x2  
  28  3:01  Marine x2  
  30  3:09  SCV  
  30  3:12  Widow Mine  
  32  3:18  Marine  
  33  3:24  Marine  
  33  3:25  Marine x2  
  36  3:29  SCV  
  36  3:30  Supply Depot  
  37  3:36  Marine  
  38  3:41  SCV  
  39  3:51  Marine  
  39  3:52  Marine x2  
  42  3:57  Supply Depot  
  42  4:01  Starport  
  42  4:02  Marine  
  43  4:03  SCV  
Tags
 
Add a new tag
Caveats
  • Supply blocks, unpowered buildings, or Contaminate may cause inaccurate times.
  • Supply counts are checked every 10 seconds.